 Dungeon Crawl Stone Soup version 0.23-a0-494-g91793a9df2 (webtiles) character file.

232876 Leibowitz the Fencer (level 18, -7/149 HPs)
             Began as a Demonspawn Fighter on Dec 3, 2018.
             Was the Champion of Okawaru.
             Killed from afar by an ice dragon (18 damage)
             ... with a blast of cold
             ... on level 2 of the Vaults.
             The game lasted 02:22:47 (41730 turns).

Leibowitz the Fencer (Demonspawn Fighter)          Turns: 41730, Time: 02:22:48

Health: -7/149     AC: 31    Str: 25    XL:     18   Next: 83%
Magic:  0/19       EV: 17    Int: 24    God:    Okawaru [******]
Gold:   2595       SH: 19    Dex: 12    Spells: 17/17 levels left

rFire    + . .     SeeInvis .   a - +4 demon blade (slice)
rCold    . . .     Gourm    .   k - +5 shield "Deifoivauc" {rElec rF+ Int+2}
rNeg     + . .     Faith    +   U - +3 swamp dragon scales of the Sun {rPois Int+4}
rPois    +         Spirit   +   L - +1 helmet {Int+3}
rElec    +         Reflect  .   R - scarf {repulsion}
rCorr    .         Harm     .   F - +1 pair of gloves
MR       ++++.                  (boots unavailable)
Stlth    +.........             j - amulet of faith
HPRegen  0.34/turn              H - ring "Yniceumm" {rN+ MR+ Int+3}
MPRegen  0.32/turn              D - ring of Compassion {rElec MR+}

@: sanguine armour, very slightly contaminated, repel missiles
A: talons 3, clever 1, magic resistance 1, magic shield, magic regeneration,
magic link, rot immunity, sanguine armour 3
}: 1/15 runes: decaying
a: Heroism, Finesse, Renounce Religion


You were on level 2 of the Vaults.
You worshipped Okawaru.
Okawaru was exalted by your worship.
You were not hungry.

You visited 7 branches of the dungeon, and saw 33 of its levels.
You also visited: Labyrinth, Sewer and Volcano.

You collected 2895 gold pieces.
You spent 300 gold pieces at shops.

Inventory:

Hand Weapons
 a - a +4 demon blade of slicing (weapon)
 b - a +1 scimitar of flaming
 I - the +4 great sword "Spiderbane" {slice, rElec}
   (Okawaru gifted it to you on level 2 of the Lair of Beasts)

   It inflicts extra damage upon your enemies.
   It insulates you from electricity.
Missiles
 P - 2 throwing nets (quivered)
Armour
 c - the +0 crystal plate armour "Ryellue Vaxu" {*Drain +Blink rElec rN++}
   (Okawaru gifted it to you on level 5 of the Lair of Beasts)

   It insulates you from electricity.
   It greatly protects you from negative energy.
   It lets you blink.
   It causes draining when unequipped.
 k - the +5 shield "Deifoivauc" (worn) {rElec rF+ Int+2}
   (Okawaru gifted it to you on level 6 of the Lair of Beasts)

   It affects your intelligence (+2).
   It protects you from fire.
   It insulates you from electricity.
 q - a +2 cloak of magic resistance
 F - a +1 pair of gloves (worn)
 L - a +1 helmet of intelligence (worn)
 R - a scarf of repulsion (worn)
 U - the +3 swamp dragon scales of the Sun (worn) {rPois Int+4}
   (Okawaru gifted it to you on level 1 of the Elven Halls)

   It affects your intelligence (+4).
   It protects you from poison.
Jewellery
 j - an amulet of faith (around neck)
 n - a cursed amulet of inaccuracy {unknown}
 v - an uncursed ring of flight
 A - an uncursed ring of see invisible
 D - the ring of Compassion (right hand) {rElec MR+}
   (You found it in a labyrinth)

   [ring of protection from magic]

   It insulates you from electricity.
   It affects your resistance to hostile enchantments.
 E - an uncursed ring of protection from cold
 H - the ring "Yniceumm" (left hand) {rN+ MR+ Int+3}
   (You found it on level 1 of the Swamp)

   [ring of positive energy]

   It affects your intelligence (+3).
   It protects you from negative energy.
   It affects your resistance to hostile enchantments.
 J - an uncursed amulet of harm {unknown}
 K - the ring "Wudefin" {MR+ Dex+2 SInv}
   (You found it on level 1 of the Swamp)

   [ring of dexterity]

   It affects your dexterity (+2).
   It affects your resistance to hostile enchantments.
   It lets you see invisible.
 O - an uncursed amulet of regeneration {unknown}
Wands
 s - a wand of scattershot (2)
 u - a wand of flame (56)
 y - a wand of iceblast (17)
 T - a wand of polymorph (9)
 V - a wand of acid (9)
Scrolls
 e - 25 scrolls of identify
 g - 16 scrolls of remove curse
 m - 2 scrolls of fog
 o - 3 scrolls of enchant armour
 p - 8 scrolls of teleportation
 r - 5 scrolls of magic mapping
 t - 6 scrolls of enchant weapon
 x - 6 scrolls of amnesia
 B - 3 scrolls of fear
 C - a scroll of blinking
 Q - a scroll of silence
Potions
 d - 5 potions of agility
 h - 6 potions of curing
 i - 2 potions of cancellation
 l - 6 potions of flight
 w - a potion of berserk rage
 z - 3 potions of haste
 G - 4 potions of brilliance
 M - 2 potions of resistance
 W - a potion of invisibility
 X - a potion of ambrosia
Comestibles
 f - 49 rations


   Skills:
 * Level 15.0 Fighting
 * Level 17.3 Long Blades
 * Level 13.3 Armour
 * Level 11.0 Dodging
 * Level 15.3 Shields
 + Level 1.5 Invocations
 + Level 0.2 Evocations


You had 17 spell levels left.
You didn't know any spells.
Your spell library contained the following spells:

 Spells                   Type           Power        Failure   Level  Hunger
 Animate Skeleton         Necr           N/A          21%         1    ##.....
 Apportation              Tloc           #.....       21%         1    ##.....
 Beastly Appendage        Tmut           #.....       21%         1    ##.....
 Confusing Touch          Hex            #.....       21%         1    ##.....
 Flame Tongue             Conj/Fire      #....        21%         1    ##.....
 Freeze                   Ice            #...         21%         1    ##.....
 Summon Butterflies       Summ           #.......     21%         1    ##.....
 Summon Small Mammal      Summ           #...         21%         1    ##.....
 Poisonous Vapours        Pois/Air       #.....       30%         2    ###....
 Sticks to Snakes         Tmut           #.......     30%         2    ###....
 Throw Flame              Conj/Fire      #.....       30%         2    ###....
 Throw Frost              Conj/Ice       #.....       30%         2    ###....
 Conjure Flame            Conj/Fire      #.......     52%         3    ####...
 Inner Flame              Hex/Fire       #.......     52%         3    ####...
 Lesser Beckoning         Tloc           #.........   52%         3    ####...
 Mephitic Cloud           Conj/Pois/Air  #.......     52%         3    ####...
 Ozocubu's Armour         Chrm/Ice       #.......     52%         3    ####...
 Spider Form              Tmut/Pois      #.........   52%         3    ####...
 Static Discharge         Conj/Air       #.......     52%         3    ####...
 Tukima's Dance           Hex            #.......     52%         3    ####...
 Ice Form                 Ice/Tmut       #.......     89%         4    #####..
 Sticky Flame             Conj/Fire      #.......     89%         4    #####..
 Summon Ice Beast         Ice/Summ       #.......     89%         4    #####..
 Throw Icicle             Conj/Ice       #.......     89%         4    #####..
 Alistair's Intoxication  Tmut/Pois      #.......     99%         5    ######.
 Blade Hands              Tmut           #.........   99%         5    ######.
 Fireball                 Conj/Fire      #.........   99%         5    ######.
 Lightning Bolt           Conj/Air       #.........   99%         5    ######.
 Freezing Cloud           Conj/Ice/Air   #.........   100%        6    #######
 Invisibility             Hex            #.......     100%        6    #######
 Ring of Flames           Chrm/Fire      #.........   100%        7    #######
 Ignition                 Fire           #.........   100%        8    #######
 Shatter                  Erth           #.........   100%        9    #######
 Tornado                  Air            #.........   100%        9    #######


Dungeon Overview and Level Annotations

Branches:
Dungeon (15/15)            Temple (1/1) D:4            Lair (6/6) D:9
  Swamp (4/4) Lair:3       Spider (0/4) Lair:4        Slime (0/5) Lair:5
    Orc (2/2) D:11            Elf (3/3) Orc:2        Vaults (2/5) D:13
  Crypt: Vaults:2-3  Depths: D:15

Altars:
Ashenzari
Cheibriados
Dithmenos
Elyvilon
Fedhas
Gozag
Hepliaklqana
Kikubaaqudgha
Makhleb
Nemelex Xobeh
Okawaru
Qazlal
Ru
Sif Muna
Trog
Uskayaw
Vehumet
Wu Jian
Xom
Yredelemnul
Zin
The Shining One

Shops:
D:5 [   D:7 :   Orc:2 =*((   Elf:3 ??

Annotations:
D:15 Josephine, Kirke
Lair:4 exclusion: 2 oklob plants
Lair:5 exclusion: oklob plant
Swamp:4 exclusion: Roxanne, Roxanne
Abyss:1 Dowan


Innate Abilities, Weirdness & Mutations

You have claws for feet.
When hurt, damage is shared between your health and your magic reserves.
You regenerate magic rapidly.
When low on magic, you restore magic in place of health.
You are immune to rotting.
When seriously injured, your bleeding wounds create very thick armour. (AC +12)
Your mind is acute. (Int +2)
You are resistant to hostile enchantments. (MR+)


Message History

You claw the ice dragon, but do no damage.
The ice dragon is heavily wounded.
You block the ice dragon's attack. The ice dragon claws you.
The ice dragon tramples you but does no damage.
You closely miss the ice dragon. Your kick misses the ice dragon.
The ice dragon is heavily wounded.
The yaktaur closely misses you.
You slice the ice dragon!! You claw the ice dragon!
The ice dragon is almost dead.
The ice dragon breathes frost at you. The blast of cold hits you!
* * * LOW HITPOINT WARNING * * *
The yaktaur barely misses you.
Blink to where?
Press: ? - help, Dir - move target cursor You are very lightly contaminated with residual magic.
As you read the scroll of blinking, it crumbles to dust.
The ice dragon breathes frost at you. The blast of cold hits you!
You die...

########......#
...... #......#
..#.. #......#
.... . #......#
... #.#
######'#####
..#.... #......#
....#.#
#......##.......
#......(D..#
#..@...##)......
#......# .......
#......# .#.#.#.
#......# #### #
########


You could see an ice dragon.

Vanquished Creatures
  Frances (D:12)
  A deep elf blademaster (Elf:2)
  2 thorn hunters (Swamp:4)
  Agnes (D:14)
  A fire giant (Vaults:2)
  A frost giant (Vaults:2)
  An orc warlord (Orc:1)
  4 vault wardens
  3 stone giants
  Azrael (Elf:2)
  4 ironheart preservers (Vaults:2)
  3 deep elf demonologists
  3 deep elf annihilators
  A minotaur (Lab)
  3 dire elephants (Lair:6)
  An ettin (D:13)
  A deep elf death mage (Elf:2)
  Fannar (Lair:3)
  2 fire dragons
  2 ghost crabs (Swamp:4)
  A yaktaur captain (Vaults:2)
  A great orb of eyes (Vaults:2)
  A vault guard (Vaults:2)
  25 hydras
  Erica (D:11)
  3 shambling mangroves (Swamp:4)
  6 centaur warriors
  An anaconda (Lair:6)
  28 two-headed ogres
  9 ogre magi
  11 death yaks
  17 alligators
  22 dancing weapons
  A tengu warrior (D:14)
  16 deep elf knights
  A shadow wraith (D:13)
  6 skeletal warriors (Vaults:2)
  A spriggan druid (Swamp:4)
  2 unseen horrors
  14 deep elf archers
  2 ironbrand convokers (Vaults:2)
  6 harpies (Vaults:2)
  9 swamp dragons
  2 orc knights
  A lindwurm (Volcano)
  55 deep elf magi
  An orc sorcerer (Orc:2)
  A wolf spider (Vaults:1)
  13 ugly things
  A moth of wrath (shapeshifter) (D:13)
  4 cyclopes
  A manticore (D:14)
  4 elephants (Lair:6)
  5 vault sentinels
  3 black mambas
  A black mamba (shapeshifter) (D:13)
  10 spiny frogs
  A torpor snail (Lair:5)
  4 gargoyles
  7 komodo dragons
  An efreet (D:12)
  A rime drake (Lair:5)
  12 yaktaurs
  3 freezing wraiths
  A troll (shapeshifter) (D:13)
  3 meliai (D:14)
  10 trolls
  2 polar bears
  14 hornets
  17 tyrant leeches
  Grinder (D:4)
  4 blink frogs (Lair:1)
  31 slime creatures
  6 bog bodies
  6 hippogriffs
  3 air elementals
  Sigmund (D:3)
  2 shadows
  6 spriggans
  6 water elementals
  3 wyverns
  A wraith (D:11)
  58 yaks
  7 fire elementals
  3 basilisks
  A human simulacrum (Vaults:1)
  Eustachio (D:6)
  4 hungry ghosts
  22 vampire mosquitoes
  4 wargs
  A soldier ant (D:11)
  19 swamp worms
  2 acid dragons
  5 porcupines
  3 water moccasins
  4 hell hounds
  Duvessa (D:5)
  18 swamp drakes
  2 black bears
  21 orc warriors
  2 sky beasts
  2 ice beasts
  An eye of draining (shapeshifter) (Elf:3)
  An eye of draining (D:11)
  5 phantoms
  8 wolves
  35 centaurs
  39 ogres
  5 boggarts (Vaults:1)
  10 crocodiles
  3 big kobolds
  11 bullfrogs
  2 gnoll sergeants
  A wyvern zombie (D:10)
  2 earth elementals (Elf:2)
  A wyvern skeleton (D:9)
  9 scorpions
  8 killer bees
  5 wights (D:7)
  5 electric eels
  A howler monkey (D:8)
  5 crimson imps
  4 centaur zombies
  2 bullfrog zombies
  13 jellies
  A gnoll shaman (D:9)
  4 centaur skeletons
  9 hounds
  12 orc priests
  27 orc wizards
  Jessica (D:2)
  3 iguanas
  Crazy Yiuf (D:2)
  Ijyb (D:5)
  Terence (D:3)
  Natasha (thrice) (D:3)
  17 worker ants
  A hound zombie (D:9)
  A worker ant zombie (D:11)
  19 gnolls
  17 adders
  A river rat (D:3)
  2 shadow imps
  7 oozes
  An adder zombie (D:9)
  An adder skeleton (D:8)
  4 worms
  4 dart slugs
  3 leopard geckos
  78 orcs
  2 ball pythons
  10 bats
  9 giant cockroaches
  11 goblins
  6 hobgoblins
  4 jackals (D:2)
  26 kobolds
  4 quokkas
  11 frilled lizards
  A leopard gecko skeleton (D:4)
  10 rats
  2 plants (Lair:6)
1140 creatures vanquished.

Vanquished Creatures (others)
  A hydra (Swamp:4)
  A two-headed ogre (D:9)
  A deep elf mage (Elf:1)
  A tyrant leech (Swamp:4)
  A spriggan (Swamp:3)
  An orc warrior (D:8)
  A sky beast (D:5)
  A scorpion (D:9)
  A killer bee (D:8)
  A bullfrog skeleton (D:5)
  An iguana (D:14)
  A worker ant (D:9)
  2 gnolls
  2 orcs (D:8)
  2 briar patches (Swamp:4)
  24 fungi
  15 plants
57 creatures vanquished.

Grand Total: 1197 creatures vanquished

Notes
Turn   | Place    | Note
-------+----------+-------------------------------------------
     0 | D:1      | Leibowitz the Demonspawn Fighter began the quest for the
                  | Orb.
     0 | D:1      | Reached XP level 1. HP: 18/18 MP: 1/1
   123 | D:1      | Gained mutation: When seriously injured, your bleeding
                  | wounds create armour. (AC +12) [demonic ancestry]
   123 | D:1      | Reached XP level 2. HP: 6/24 MP: 2/2
   379 | D:1      | Reached skill level 2 in Long Blades
   460 | D:1      | Gained mutation: When hurt, damage is shared between your
                  | health and your magic reserves. [demonic ancestry]
   460 | D:1      | Reached XP level 3. HP: 20/29 MP: 3/3
  1138 | D:2      | Found an ancient bone altar of Kikubaaqudgha.
  1139 | D:2      | Found a hazy altar of Hepliaklqana.
  1188 | D:2      | Noticed Jessica
  1192 | D:2      | Killed Jessica
  1192 | D:2      | Reached skill level 3 in Long Blades
  1192 | D:2      | Gained mutation: You have sharp toenails. [demonic
                  | ancestry]
  1192 | D:2      | Reached XP level 4. HP: 11/35 MP: 1/4
  1641 | D:2      | You fall through a shaft!
  1734 | D:3      | Reached skill level 1 in Dodging
  1781 | D:3      | Noticed Natasha
  1782 | D:3      | Noticed Terence
  1794 | D:3      | Reached XP level 5. HP: 41/41 MP: 5/5
  1809 | D:3      | Killed Terence
  1811 | D:3      | Killed Natasha
  1863 | D:3      | Noticed Natasha
  1871 | D:3      | Killed Natasha
  1958 | D:3      | Found a glowing drain.
  1993 | Sewer    | Entered a sewer
  2092 | Sewer    | Noticed a crocodile
  2111 | Sewer    | Killed a crocodile
  2111 | Sewer    | Reached skill level 4 in Long Blades
  2111 | Sewer    | Gained mutation: You have razor-sharp toenails. [demonic
                  | ancestry]
  2111 | Sewer    | Reached XP level 6. HP: 25/48 MP: 2/6
  2367 | D:3      | Noticed Sigmund
  2552 | D:2      | Found a runed door.
  2556 | D:2      | Noticed Crazy Yiuf
  2561 | D:2      | Killed Crazy Yiuf
  2758 | D:3      | Killed Sigmund
  2834 | D:3      | Noticed Natasha
  2841 | D:3      | Killed Natasha
  2841 | D:3      | Gained mutation: When seriously injured, your bleeding
                  | wounds create thick armour. (AC +12) [demonic ancestry]
  2841 | D:3      | Reached XP level 7. HP: 34/54 MP: 5/7
  3264 | D:4      | Found a shimmering altar of Xom.
  3265 | D:4      | Found a shimmering altar of Xom.
  3265 | D:4      | Found a shimmering altar of Xom.
  3266 | D:4      | Found a shimmering altar of Xom.
  3266 | D:4      | Found a shimmering altar of Xom.
  3300 | D:4      | Got a crude falchion
  3301 | D:4      | Identified the +2 falchion "Elujuy" {distort, Fragile rElec
                  | MR+++ Dex-4} (You found it on level 4 of the Dungeon)
  3308 | D:4      | Found a sparkling altar of Nemelex Xobeh.
  3318 | D:4      | Found an opulent altar of Gozag.
  3482 | D:4      | Found a staircase to the Ecumenical Temple.
  3524 | Temple   | Entered the Ecumenical Temple
  3562 | Temple   | Became a worshipper of Warmaster Okawaru
  3722 | D:4      | Noticed Grinder
  3735 | D:4      | Killed Grinder
  3735 | D:4      | Reached skill level 5 in Long Blades
  3761 | D:4      | Reached * piety under Okawaru
  3761 | D:4      | Gained mutation: When seriously injured, your bleeding
                  | wounds create very thick armour. (AC +12) [demonic
                  | ancestry]
  3761 | D:4      | Reached XP level 8. HP: 61/61 MP: 8/8
  4129 | D:5      | Entered Level 5 of the Dungeon
  4161 | D:5      | Noticed Ijyb
  4205 | D:5      | Killed Ijyb
  4233 | D:5      | Found a snail-covered altar of Cheibriados.
  4233 | D:5      | Noticed Duvessa
  4233 | D:5      | Noticed Dowan
  4249 | D:5      | Banished Dowan
  4344 | D:5      | Reached skill level 6 in Long Blades
  4349 | D:5      | Killed Duvessa
  4604 | D:5      | Found Niwufuf's Armour Boutique.
  4684 | D:5      | Reached skill level 5 in Armour
  5151 | D:6      | Gained mutation: Your flesh is cold resistant. (rC+)
                  | [potion of mutation]
  5151 | D:6      | Gained mutation: You have claws for feet. [potion of
                  | mutation]
  5152 | D:6      | Lost mutation: Your flesh is cold resistant. (rC+) [potion
                  | of mutation]
  5152 | D:6      | Lost mutation: You have claws for feet. [potion of
                  | mutation]
  5152 | D:6      | Gained mutation: Your mind is acute. (Int +2) [potion of
                  | mutation]
  5152 | D:6      | Gained mutation: You are occasionally teleported next to
                  | monsters. [potion of mutation]
  5152 | D:6      | Lost mutation: You are occasionally teleported next to
                  | monsters. [potion of mutation]
  5152 | D:6      | Gained mutation: You are resistant to hostile enchantments.
                  | (MR+) [potion of mutation]
  5245 | D:6      | Reached skill level 5 in Shields
  5262 | D:6      | Noticed Eustachio
  5277 | D:6      | Killed Eustachio
  5277 | D:6      | Reached ** piety under Okawaru
  5277 | D:6      | Reached skill level 5 in Fighting
  5277 | D:6      | Reached skill level 7 in Long Blades
  5305 | D:6      | Found a sacrificial altar of Ru.
  5490 | D:6      | Reached XP level 9. HP: 57/68 MP: 9/9
  5749 | D:7      | You fall through a shaft!
  6555 | D:8      | Found a deep blue altar of Sif Muna.
  6598 | D:8      | Reached *** piety under Okawaru
  6939 | D:8      | Reached skill level 8 in Long Blades
  7158 | D:7      | Found a stormy altar of Qazlal.
  7268 | D:7      | Found Deifioto's Book Boutique.
  7762 | D:9      | Killed a two-headed ogre
  7776 | D:9      | Reached **** piety under Okawaru
  7782 | D:9      | Reached XP level 10. HP: 44/76 MP: 7/10
  7788 | D:9      | Received a gift from Okawaru
  7790 | D:9      | Reached skill level 9 in Long Blades
  8217 | D:9      | Identified the +1 war axe of Negirph {chop, +Fly rF+}
  8752 | D:9      | Found a staircase to the Lair.
  8964 | D:9      | Found a sparkling altar of Nemelex Xobeh.
  8973 | D:9      | Reached ***** piety under Okawaru
  9022 | D:10     | Entered Level 10 of the Dungeon
  9035 | D:10     | Reached skill level 10 in Long Blades
  9404 | D:10     | Received a gift from Okawaru
  9410 | D:10     | Got a twisted chain mail {god gift}
  9421 | D:10     | Identified the +0 chain mail of the Lonely Souls {rF+ rC+}
                  | (Okawaru gifted it to you on level 10 of the Dungeon)
  9443 | D:10     | Noticed a white ugly thing
  9450 | D:10     | Killed a white ugly thing
  9450 | D:10     | Reached XP level 11. HP: 34/84 MP: 4/11
  9991 | Lair:1   | Entered Level 1 of the Lair of Beasts
 10081 | Lair:1   | Found a labyrinth entrance.
 10115 | Lab      | Entered a labyrinth
 10403 | Lab      | Reached skill level 5 in Dodging
 10752 | Lab      | Noticed a minotaur
 10757 | Lab      | Killed a minotaur
 10757 | Lab      | Reached skill level 11 in Long Blades
 10763 | Lab      | Got a glittering marble ring
 10764 | Lab      | Identified the ring of Compassion {rElec MR+} (You found it
                  | in a labyrinth)
 11187 | Lair:1   | Reached ****** piety under Okawaru
 12136 | Lair:2   | Received a gift from Okawaru
 12149 | Lair:2   | Got a bloodstained great sword {god gift}
 12150 | Lair:2   | Identified the +4 great sword "Spiderbane" {slice, rElec}
                  | (Okawaru gifted it to you on level 2 of the Lair of Beasts)
 13073 | Lair:3   | Found a staircase to the Swamp.
 13088 | Lair:3   | Reached skill level 12 in Long Blades
 13098 | Lair:3   | Gained mutation: You regenerate magic rapidly. [demonic
                  | ancestry]
 13098 | Lair:3   | Reached XP level 12. HP: 57/94 MP: 8/12
 13489 | Lair:3   | Received a gift from Okawaru
 13661 | Lair:3   | Noticed a four-headed hydra
 13673 | Lair:3   | Killed a nine-headed hydra
 14124 | Lair:3   | Noticed Fannar
 14140 | Lair:3   | Killed Fannar
 14526 | Lair:4   | Found a hole to the Spider Nest.
 15448 | Lair:5   | Received a gift from Okawaru
 15475 | Lair:5   | Found a staircase to the Slime Pits.
 15553 | Lair:5   | Found a dark tunnel.
 15596 | Volcano  | Entered a volcano
 15624 | Volcano  | Noticed a two-headed ogre
 15624 | Volcano  | Noticed a two-headed ogre
 15639 | Volcano  | Killed a two-headed ogre
 15647 | Volcano  | Killed a two-headed ogre
 16218 | Lair:5   | Reached skill level 13 in Long Blades
 16261 | Lair:5   | Received a gift from Okawaru
 16271 | Lair:5   | Got a steaming crystal plate armour {god gift}
 16282 | Lair:5   | Identified the +0 crystal plate armour "Ryellue Vaxu"
                  | {*Drain +Blink rElec rN++} (Okawaru gifted it to you on
                  | level 5 of the Lair of Beasts)
 16479 | Lair:5   | Found a deep blue altar of Sif Muna.
 16592 | Lair:5   | Noticed a death yak
 16593 | Lair:5   | Noticed a death yak
 16594 | Lair:5   | Noticed a death yak
 16594 | Lair:5   | Noticed a death yak
 16595 | Lair:5   | Noticed a death yak
 16603 | Lair:5   | Killed a death yak
 16616 | Lair:5   | Killed a death yak
 16616 | Lair:5   | Gained mutation: You are immune to rotting. [demonic
                  | ancestry]
 16616 | Lair:5   | Reached XP level 13. HP: 59/102 MP: 4/13
 17131 | Lair:6   | Entered Level 6 of the Lair of Beasts
 17657 | Lair:6   | Received a gift from Okawaru
 17676 | Lair:6   | Reached skill level 10 in Fighting
 17679 | Lair:6   | Got a bloodstained shield {god gift}
 18314 | Lair:6   | Reached skill level 14 in Long Blades
 18619 | Lair:6   | Noticed a dire elephant
 18619 | Lair:6   | Noticed a dire elephant
 18649 | Lair:6   | Killed a dire elephant
 18652 | Lair:6   | Killed a dire elephant
 18930 | Lair:6   | Identified the +5 shield "Deifoivauc" {rElec rF+ Int+2}
                  | (Okawaru gifted it to you on level 6 of the Lair of Beasts)
 18969 | Lair:6   | Noticed a dire elephant
 18983 | Lair:6   | Killed a dire elephant
 19171 | D:11     | Reached skill level 10 in Armour
 19200 | D:11     | Received a gift from Okawaru
 19247 | D:11     | Found a staircase to the Orcish Mines.
 19327 | Orc:1    | Entered Level 1 of the Orcish Mines
 19701 | Orc:2    | Entered Level 2 of the Orcish Mines
 19794 | Orc:2    | Noticed a stone giant
 19812 | Orc:2    | Killed a stone giant
 19812 | Orc:2    | Gained mutation: When low on magic, you restore magic in
                  | place of health. [demonic ancestry]
 19812 | Orc:2    | Reached XP level 14. HP: 80/111 MP: 11/14
 19921 | Orc:2    | Found a staircase to the Elven Halls.
 20304 | Orc:2    | Received a gift from Okawaru
 20501 | Orc:2    | Found Fyud's Weapon Shop.
 20501 | Orc:2    | Found Vygakas's Jewellery Emporium.
 20501 | Orc:2    | Found Hitamih's Antique Weapon Shoppe.
 20501 | Orc:2    | Found Icvusi's Assorted Antiques.
 20570 | Orc:2    | Reached skill level 10 in Shields
 20809 | Orc:1    | Noticed an orc warlord
 21055 | Orc:1    | Killed an orc warlord
 21533 | D:11     | Received a gift from Okawaru
 21753 | D:11     | Noticed Erica
 21764 | D:11     | Killed Erica
 22258 | D:12     | Noticed Frances
 22326 | D:12     | Killed Frances
 22326 | D:12     | Reached skill level 1 in Invocations
 23339 | Swamp:1  | Entered Level 1 of the Swamp
 23374 | Swamp:1  | Found a transporter.
 23740 | Swamp:1  | Gained mutation: You have claws for feet. [demonic
                  | ancestry]
 23740 | Swamp:1  | Reached XP level 15. HP: 100/119 MP: 12/15
 23755 | Swamp:1  | Received a gift from Okawaru
 23906 | Swamp:1  | Found a transporter.
 23911 | Swamp:1  | Got a slimy lapis lazuli ring
 23913 | Swamp:1  | Identified the ring "Yniceumm" {rN+ MR+ Int+3} (You found
                  | it on level 1 of the Swamp)
 23927 | Swamp:1  | Got a smoking marble ring
 23956 | Swamp:1  | Identified the ring "Wudefin" {MR+ Dex+2 SInv} (You found
                  | it on level 1 of the Swamp)
 24686 | Swamp:2  | Reached skill level 15 in Long Blades
 25807 | Swamp:3  | Received a gift from Okawaru
 26787 | Swamp:4  | Entered Level 4 of the Swamp
 27356 | Swamp:4  | Received a gift from Okawaru
 27410 | Swamp:4  | Got a pitted ring mail {god gift}
 28317 | D:13     | Found a gate to the Vaults.
 28492 | D:13     | Reached XP level 16. HP: 128/128 MP: 17/17
 29140 | D:14     | Received a gift from Okawaru
 29153 | D:14     | Got a twisted trident {god gift}
 29154 | D:14     | Identified the +1 trident of the Five Blessings {flame, rN+
                  | MR+} (Okawaru gifted it to you on level 14 of the Dungeon)
 29196 | D:14     | Noticed Agnes
 29214 | D:14     | Killed Agnes
 30245 | D:15     | Entered Level 15 of the Dungeon
 30245 | D:15     | Noticed Kirke
 30329 | D:15     | Noticed Josephine
 30463 | Elf:1    | Entered Level 1 of the Elven Halls
 30603 | Elf:1    | Received a gift from Okawaru
 31349 | Elf:1    | Received a gift from Okawaru
 31355 | Elf:1    | Reached skill level 16 in Long Blades
 32075 | Elf:1    | Received a gift from Okawaru
 32078 | Elf:1    | Got ancient swamp dragon scales {god gift}
 32079 | Elf:1    | Identified the +1 ring mail "Korha" {rF+ Int+4 Dex-3}
                  | (Okawaru gifted it to you on level 4 of the Swamp)
 32081 | Elf:1    | Identified the +3 swamp dragon scales of the Sun {rPois
                  | Int+4} (Okawaru gifted it to you on level 1 of the Elven
                  | Halls)
 32246 | Elf:1    | Found a radiant altar of Vehumet.
 32379 | Elf:2    | Found a radiant altar of Vehumet.
 32872 | Elf:2    | Found a huge runed gate.
 32872 | Elf:2    | Found a huge runed gate.
 32872 | Elf:2    | Found a huge runed gate.
 32873 | Elf:2    | Found a huge runed gate.
 32956 | Elf:2    | Reached XP level 17. HP: 129/137 MP: 18/18
 33661 | Elf:2    | Found a huge runed gate.
 33775 | Elf:2    | Noticed Azrael
 33786 | Elf:2    | Killed Azrael
 33810 | Elf:2    | Received a gift from Okawaru
 34214 | Elf:2    | Reached skill level 10 in Dodging
 34295 | Elf:2    | Noticed a deep elf blademaster
 34481 | Elf:2    | Killed a deep elf blademaster
 35159 | Elf:3    | Entered Level 3 of the Elven Halls
 35244 | Elf:3    | Found Xalyegoved's Magic Scroll Boutique.
 35248 | Elf:3    | Found Kowues's Magic Scroll Shop.
 35277 | Elf:3    | Bought a scroll of blinking for 150 gold pieces
 35277 | Elf:3    | Bought a scroll of blinking for 150 gold pieces
 35743 | Elf:3    | Noticed a Brimstone Fiend
 36137 | Swamp:4  | Identified Roxanne's Almanac of Moulding
 36137 | Swamp:4  | Noticed Roxanne
 36322 | Swamp:4  | Received a gift from Okawaru
 37281 | Swamp:4  | Found an ancient bone altar of Kikubaaqudgha.
 37299 | Swamp:4  | Received a gift from Okawaru
 37809 | Swamp:4  | Received a gift from Okawaru
 37948 | Swamp:4  | Got a decaying rune of Zot
 38259 | Vaults:1 | Entered Level 1 of the Vaults
 38342 | D:13     | Reached XP level 18. HP: 143/146 MP: 19/19
 39588 | Vaults:2 | Received a gift from Okawaru
 40033 | Vaults:2 | Reached skill level 17 in Long Blades
 40110 | Vaults:2 | Received a gift from Okawaru
 40538 | Vaults:2 | Reached skill level 15 in Shields
 40740 | Vaults:2 | Received a gift from Okawaru
 41567 | Vaults:2 | Reached skill level 15 in Fighting
 41730 | Vaults:2 | Killed from afar by an ice dragon

Vault maps used:
D:1:      onia_arrival_mini_maze_b
D:2:      grunt_temple_overflow_open, hangedman_decor_push,
          uniq_crazy_yiuf_cottage, uniq_jessica
D:3:      portal_sewer_entry_b, uniq_terence, uniq_sigmund, uniq_natasha
D:4:      kennysheep_mini_moat, old_standard_altar, xom_redecorated,
          minmay_temple_entry_waves, uniq_grinder
D:5:      black_bear_nest_2, slow_altar_2, serial_shops, kennysheep_little_box,
          first_ration, uniq_duvessa, uniq_ijyb
D:6:      nicolae_overflow_crystal_walls, serial_rivers,
          chequers_serial_rivers_small_a, chequers_serial_rivers_small_b,
          chequers_serial_rivers_micro_c, chequers_serial_rivers_small_a,
          chequers_serial_rivers_small_b, uniq_eustachio
D:7:      overflow_temple_1_default, serial_shops, shop
D:8:      lemuel_doored_altar, special_room
D:9:      grunt_lair_entry_orc_guard_hut, basic_altar, lemuel_flamethrower_2
D:11:     david_orc_3, uniq_erica
D:12:     hangedman_little_slice_of_home, minmay_misc_feat_more_columns,
          uniq_frances
D:13:     david_vaults_4, mumra_transporter_accident, hex_medium,
          lightli_corner_chamber
D:14:     serial_bayou_ford_a, uniq_agnes
D:15:     hangedman_depths_entry_try_elsewhere_first,
          ebering_ghost_funeral_grove, minivault_4, uniq_kirke, uniq_josephine,
          uniq_rupert
Temple:   cyrus_circular_temple
Lair:1:   lab_entry_generic, chequers_serial_rivers_small_b,
          serial_bayou_shore_b, serial_bayou_shore_a
Lair:3:   minmay_swamp_entry_swarm, forest_entry_grove, uniq_fannar
Lair:4:   nicolae_spider_entry_non_spiders, grunt_megastairs_4,
          minmay_lair_oklob_chamber
Lair:5:   minmay_slime_entry_oklob_open, nicolae_volcano_entry_two_sided,
          basic_altar, serial_bayou_shore_b, infiniplex_staircase_pool
Lair:6:   due_jungle_book, wad_woods_road_03, lemuel_fruit_tree
Swamp:1:  gammafunk_its_a_trap, evilmike_swamp_ruin_house_5, swamp_pool2
Swamp:2:  evilmike_swamp_ruin_house_4
Swamp:3:  nicolae_swamp_trees_clearing
Swamp:4:  swamp_basic_johnstein, grunt_ruined_hall, uniq_roxanne
Orc:1:    nicolae_orc_crystal_geode
Orc:2:    st_orc_ogre_mass
Elf:1:    basic_altar, hangedman_corner_corridor, minivault_27,
          grunt_megastairs_3
Elf:2:    basic_altar, uniq_azrael
Elf:3:    elf_hall_gauntlet_wide, minmay_shoptagon
Vaults:1: nicolae_vaults_shelves_hall, vaults_mumra_lcd,
          ontoclasm_vaults_shuriken, v_pattern_4, grunt_vaults_diagonal,
          vaults_room_stairs_pillars, v_misc_19, vaults_room_semicircle,
          vaults_room_fours, nicolae_vaults_little_squares_4,
          nicolae_vaults_diagonal_hallway_8,
          hangedman_vaults_stretched_pinwheel, vaults_dpeg_doors
Vaults:2: hangedman_vaults_hat, ontoclasm_vaults_gateway,
          hangedman_vaults_impose, v_alt_pattern_4, hangedman_vaults_stagger,
          hangedman_vaults_unwind, nicolae_vaults_an_arrangement,
          nicolae_vaults_yaktaur_gun_rack
Lab:      nicolae_lab_very_dead_end
Sewer:    sewer_big_baddie
Volcano:  volcano_village

Skill      XL: |  1  2  3  4  5  6  7  8  9 10 11 12 13 14 15 16 17 18 |
---------------+-------------------------------------------------------+-----
Long Blades    | 2 3 4 5 7 8 10 12 13 14 15 16 17 | 17.3
Armour         | 3 4 5 6 7 9 10 11 12 13 | 13.3
Shields        | 3 4 5 6 7 8 10 12 13 14 15 | 15.3
Dodging        | 1 2 3 4 5 6 7 8 9 10 11 | 11.0
Fighting       | 4 5 6 7 8 9 10 11 12 13 14 15 | 15.0
Invocations    | 1 |  1.5
Evocations     | |  0.2

Action                   |  1- 3 |  4- 6 |  7- 9 | 10-12 | 13-15 | 16-18 || total
-------------------------+-------+-------+-------+-------+-------+-------++-------
Melee: Long sword        |   110 |   153 |    15 |       |       |       ||   278
       Kick              |       |    50 |    96 |   193 |   735 |   713 ||  1787
       Falchion          |       |       |   364 |       |   476 |       ||   840
       Great sword       |       |       |    32 |   557 |   162 |       ||   751
       Scimitar          |       |       |       |       |   947 |    73 ||  1020
       Double sword      |       |       |       |       |   238 |   377 ||   615
       Demon blade       |       |       |       |       |       |  1392 ||  1392
Throw: Throwing net      |       |       |       |       |       |     1 ||     1
Invok: Heroism           |       |       |     1 |     2 |     5 |     3 ||    11
       Finesse           |       |       |       |     1 |     2 |     1 ||     4
 Abil: Evoke Flight      |       |       |       |     2 |       |       ||     2
Evoke: Wand              |       |       |     1 |     4 |     2 |     2 ||     9
  Use: Potion            |       |     2 |    10 |     4 |     5 |     1 ||    22
       Scroll            |       |       |     9 |     7 |     4 |     6 ||    26
 Stab: Distracted        |       |       |       |     1 |       |       ||     1
       Sleeping          |       |       |       |     1 |       |       ||     1
       Paralysed         |       |       |       |     1 |       |       ||     1
       Confused          |       |       |       |       |     2 |       ||     2
       Invisible         |       |       |       |       |       |     2 ||     2
  Eat: Chunk             |     1 |     6 |    16 |    24 |    33 |    42 ||   122
       Ration            |       |       |       |     3 |     2 |     1 ||     6
Armor: Scale mail        |    52 |    67 |    33 |       |       |       ||   152
       Ring mail         |       |       |   103 |    71 |       |       ||   174
       Chain mail        |       |       |       |   269 |       |       ||   269
       Crystal plate arm |       |       |       |    28 |   964 |   415 ||  1407
       Swamp dragon scal |       |       |       |       |       |   163 ||   163
Dodge: Dodged            |    33 |    63 |   137 |   341 |   398 |   420 ||  1392
       Deflected         |       |       |       |       |       |    16 ||    16
Block: Shield            |    56 |    78 |   149 |       |  1157 |  1212 ||  2652
       Rpst.: Long sword |     9 |    24 |     1 |       |       |       ||    34
       Falchion          |       |       |    31 |       |    12 |       ||    43
       Great sword       |       |       |     9 |   103 |    19 |       ||   131
       Scimitar          |       |       |       |       |    35 |     2 ||    37
       Double sword      |       |       |       |       |    10 |    19 ||    29
       Demon blade       |       |       |       |       |       |    56 ||    56

Table legend:
 A = Non-vault XP
 B = Vault XP
 C = Vault XP percentage of total XP
 D = Non-vault monster count
 E = Vault monster count
 F = Vault count percentage of total count
                 A         B        C        D         E       F
            +---------+---------+-------+---------+---------+-------
      Total |  240262 |  121929 |  33.7 |     888 |     263 |  22.8
            +---------+---------+-------+---------+---------+-------
        D:1 |      57 |       0 |   0.0 |      24 |       0 |   0.0
        D:2 |      60 |      73 |  54.9 |      21 |       2 |   8.7
        D:3 |     192 |     302 |  61.1 |      29 |       6 |  17.1
        D:4 |     381 |     267 |  41.2 |      16 |       1 |   5.9
        D:5 |     580 |     378 |  39.5 |      17 |       5 |  22.7
        D:6 |     311 |     181 |  36.8 |      12 |       1 |   7.7
        D:7 |     668 |       0 |   0.0 |      19 |       0 |   0.0
        D:8 |    1070 |     288 |  21.2 |      23 |      17 |  42.5
        D:9 |    2966 |     498 |  14.4 |      40 |       4 |   9.1
       D:10 |    3562 |       0 |   0.0 |      48 |       0 |   0.0
       D:11 |    7152 |    1181 |  14.2 |      61 |       7 |  10.3
       D:12 |    5898 |    2559 |  30.3 |      28 |      10 |  26.3
       D:13 |   11611 |    3741 |  24.4 |      53 |       5 |   8.6
       D:14 |   11315 |    2035 |  15.2 |      41 |       1 |   2.4
     Lair:1 |    5228 |       0 |   0.0 |      25 |       0 |   0.0
     Lair:2 |    2197 |       0 |   0.0 |      12 |       0 |   0.0
     Lair:3 |    3046 |    2961 |  49.3 |       8 |      12 |  60.0
     Lair:4 |    1204 |     551 |  31.4 |       7 |      10 |  58.8
     Lair:5 |   10312 |       0 |   0.0 |      30 |       0 |   0.0
     Lair:6 |   13340 |    3277 |  19.7 |      20 |       6 |  23.1
    Swamp:1 |    8852 |    1623 |  15.5 |      24 |       4 |  14.3
    Swamp:2 |   11259 |       0 |   0.0 |      28 |       0 |   0.0
    Swamp:3 |   12673 |    2870 |  18.5 |      35 |       3 |   7.9
    Swamp:4 |   19036 |   22365 |  54.0 |      40 |      39 |  49.4
      Orc:1 |    3043 |       0 |   0.0 |      22 |       0 |   0.0
      Orc:2 |    5308 |   16169 |  75.3 |      41 |      35 |  46.1
      Elf:1 |   24649 |    5199 |  17.4 |      38 |      10 |  20.8
      Elf:2 |   17020 |   27738 |  62.0 |      28 |      36 |  56.2
      Elf:3 |    8470 |    1153 |  12.0 |      15 |       1 |   6.2
   Vaults:1 |   11870 |    2055 |  14.8 |      25 |       3 |  10.7
   Vaults:2 |   35686 |   20582 |  36.6 |      57 |      27 |  32.1
        Lab |    1246 |     571 |  31.4 |       1 |       3 |  75.0
      Sewer |       0 |     112 | 100.0 |       0 |       6 | 100.0
    Volcano |       0 |    3200 | 100.0 |       0 |       9 | 100.0
            +---------+---------+-------+---------+---------+-------
